 Dungeon Crawl Stone Soup version 0.30-a0-141-g30f27751c5 (webtiles) character file.

Game seed: 8144789423540518182

14 SigmundSlayer the Chiller (level 2, -1/19 HPs)
             Began as a Demonspawn Ice Elementalist on Sept 25, 2022.
             Slain by Terence
             ... wielding a +0 flail
              (3 damage)
             ... on level 2 of the Dungeon.
             The game lasted 00:00:53 (1111 turns).

SigmundSlayer the Chiller (DsIE)                    Turns: 1111, Time: 00:00:54

Health: -1/19      AC:  3    Str:  8    XL:     2   Next: 31%
Magic:  0/5        EV: 12    Int: 16    God:
Gold:   49         SH:  0    Dex: 13    Spells: 4/5 levels left

rFire   . . .      SeeInvis .    (no weapon)
rCold   . . .      Faith    .    (no shield)
rNeg    . . .      Spirit   .    a - +0 robe
rPois   .          Reflect  .    (no helmet)
rElec   .          Harm     .    (no cloak)
rCorr   .          Rampage  .    (no gloves)
Will    .....                    d - +0 pair of boots
Stlth   ++........               (no amulet)
HPRegen 0.06/turn                (no ring)
MPRegen 0.09/turn                (no ring)

@: no status effects
A: spiny 1
a: no special abilities


You were on level 2 of the Dungeon.
You visited 1 branch of the dungeon, and saw 2 of its levels.

You collected 49 gold pieces.

Inventory:

Armour
 a - a +0 robe (worn)
 d - a +0 pair of boots (worn)
Jewellery
 i - a ring of fire
Scrolls
 c - 2 scrolls of enchant armour {unknown}
 e - a scroll of vulnerability {unknown}
 f - a scroll of fear {unknown}
 h - a scroll of noise {unknown}
Potions
 b - a potion of magic
 g - a potion of attraction {unknown}
 j - a potion of flight {unknown}


   Skills:
 - Level 1.7 Dodging
 - Level 1.7 Stealth
 + Level 2.4 Spellcasting
 + Level 3.9 Ice Magic


You had 4 spell levels left.
You knew the following spells:

 Your Spells              Type           Power      Damage    Failure   Level
a - Freeze                Ice            56%        1d7       4%          1

Your spell library contained the following spells:

 Spells                   Type           Power      Damage    Failure   Level
 Frozen Ramparts          Ice            28%        1d5       12%         3
 Ozocubu's Armour         Ice            14%        N/A       12%         3
 Hailstorm                Conj/Ice       8%         3d4       65%         4


Dungeon Overview and Level Annotations

Branches:
Dungeon (2/15)

Altars:

Annotations:
D:2 Terence


Innate Abilities, Weirdness & Mutations

You are partially covered in sharp spines.


Message History

Where to? (? - help)
You see here a hobgoblin skeleton.
There is a stone staircase leading down here.
You climb downwards.
There is a stone staircase leading up here.
Terence the Incautious comes into view.
He is wielding a +0 flail and wearing a +0 scale mail of cold resistance.
Terence shouts!
Terence is struck by your spines. Terence closely misses you.
You freeze Terence.
Terence resists.
Terence is lightly wounded.
Terence hits you with a +0 flail.
You freeze Terence.
Terence resists.
Terence is lightly wounded.
Terence barely misses you.
You freeze Terence.
Terence resists.
Terence is moderately wounded.
Terence hits you but does no damage.
You freeze Terence.
Terence resists.
Terence is heavily wounded.
Terence hits you with a +0 flail.
You freeze Terence.
Terence resists.
Terence is severely wounded.
Terence is struck by your spines. Terence hits you with a +0 flail!
You barely miss Terence.
Terence is almost dead.
Terence is struck by your spines. Terence barely misses you.
You barely miss Terence.
Terence is almost dead.
Terence hits you with a +0 flail.
Terence says, "Don't bother to defend, it's pointless."
Terence barely misses you. Terence attacks as you move away!
Terence hits you with a +0 flail!
* * * LOW HITPOINT WARNING * * *
Aiming: Freeze (safe; 4% risk of failure)
Press: ? - help, Q - select action Shift-Dir - straight line, f/p - Terence
Aim: Terence, wielding a +0 flail and wearing a +0 scale mail of cold resistance (almost dead)
You freeze Terence.
Terence resists.
Terence is almost dead.
Terence hits you with a +0 flail.
You die...

######################
........##............
........##............
........##............
........##.....#########
........##.............#
#####....@@.............
#..................#..
#..................#.##
#########..........#.#.
................#.#.
.........########.#.
.........####.......
########.#..........
#....#......#


You could see Terence.

Vanquished Creatures
  An endoplasm (D:1)
  2 giant cockroaches (D:1)
  3 goblins (D:1)
  4 hobgoblins (D:1)
  A kobold (D:1)
  2 rats (D:1)
13 creatures vanquished.

Notes
Turn   | Place    | Note
-------+----------+-------------------------------------------
     0 | D:1      | SigmundSlayer the Demonspawn Ice Elementalist began the
                  | quest for the Orb.
     0 | D:1      | Reached XP level 1. HP: 13/13 MP: 3/3
   459 | D:1      | Gained mutation: You are partially covered in sharp spines.
                  | [demonic ancestry]
   459 | D:1      | Reached XP level 2. HP: 7/19 MP: 0/5
  1098 | D:2      | Noticed Terence
  1111 | D:2      | Slain by Terence

Illustrated notes

Levels and vault maps discovered:
D:1:      scummos_arrival_forest, layout_basic
D:2:      layout_basic, hellmonk_ecumenical_altar_leap_of_faith, uniq_terence,
          uniq_jessica

Action                   || total
-------------------------++-------
Melee: Unarmed           ||     9
 Cast: Freeze            ||    27
Armor: Robe              ||     8
Dodge: Dodged            ||    17

Table legend: (Time is in decaauts)
 A = Elapsed time spent in this place.
 B = Non-inter-level travel time spent in this place.
 C = Inter-level travel time spent in this place.
 D = Time resting spent in this place.
 E = Time spent auto-exploring this place.
 F = Levels seen in this place.
 G = Mean time per level.
                   A        B        C        D        E       F      G
               +--------+--------+--------+--------+--------+-----+--------+
         Total |   1110 |   1084 |     26 |    187 |    784 |   2 |  555.0 |
       Dungeon |   1110 |   1084 |     26 |    187 |    784 |   2 |  555.0 |
               +--------+--------+--------+--------+--------+-----+--------+

Top non-repeatable levels by time:
     D:1: 1060 daAuts
     D:2: 50 daAuts
